Map: Pylon LE

Players

LiquidClem (Clem)

  • Race: Terran Terran
  • Spawn Location: 11:00

SKillous - Winner!

  • Race: Protoss Protoss
  • League: Master
  • Spawn Location: 5:00

Event: FEL Cracov 2025

VOD

Have the link to the VOD?

Description

Time

  • Played on: July 27, 2025, 10:56 a.m.
  • Length: 12:17

All games in this series

Show
View Real Time Build Order
Export as new Build Order

LiquidClem Terran 

Build Orders:  

Get SALT Encoding   

  12  0:00  SCV  
  13  0:12  SCV  
  14  0:16  Supply Depot  
  14  0:24  SCV  
  15  0:38  SCV  
  15  0:39  Barracks  
  15  0:42  Refinery  
  16  0:50  SCV  
  17  1:02  SCV  
  18  1:14  SCV  
  19  1:27  Orbital Command  
  19  1:34  Command Center  
  19  1:38  Marine  
  20  1:48  Factory  
  20  1:52  SCV  
  21  2:02  Barracks Reactor, Supply Depot  
  21  2:06  SCV  
  22  2:13  Refinery  
  22  2:18  SCV  
  23  2:31  SCV  
  23  2:32  Hellion  
  26  2:39  Marine x2, Starport  
  26  2:44  SCV  
  29  2:50  Orbital Command  
  29  2:55  Widow Mine  
  29  2:57  Marine  
  31  3:01  Marine  
  32  3:06  SCV  
  32  3:15  Marine, Medivac  
  32  3:18  SCV  
  32  3:19  Factory Tech Lab  
  36  3:22  SCV  
  37  3:28  Marine  
  37  3:33  Marine  
  39  3:35  SCV  
  39  3:38  Cyclone  
  43  3:42  Supply Depot  
  43  3:46  Marine  
  43  3:47  SCV  
  45  3:50  Starport Tech Lab  
  45  3:55  Marine  
  45  3:58  Orbital Command  
  46  4:03  SCV  
  46  4:04  Marine  
  47  4:10  Siege Tank  
  47  4:15  SCV  
  49  4:18  Marine  
  49  4:19  Supply Depot  
  49  4:21  Marine, Raven  
  53  4:25  SCV  
  53  4:28  SCV  
  53  4:33  Barracks  
  53  4:36  Marine  
  54  4:41  Cloaking Field, Marine, SCV x2  
  54  4:43  Supply Depot  
  57  4:49  Refinery  
  57  4:53  SCV x2  
  57  4:57  Banshee  
  62  5:00  Supply Depot  
  62  5:05  Marine x2, SCV  
  66  5:07  SCV  
  66  5:12  Barracks  
  66  5:17  SCV  
  66  5:20  Bunker  
  65  5:23  SCV  
  65  5:24  Supply Depot  
  66  5:29  Marine x2, SCV  
  66  5:35  SCV  
  70  5:38  Supply Depot  
  70  5:39  Engineering Bay, Banshee  
  73  5:43  Stimpack  
  73  5:45  SCV  
  73  5:47  SCV  
  73  5:49  Marine  
  75  5:50  Marine  
  75  5:53  Marine  
  78  5:57  Refinery  
  78  5:58  Supply Depot, SCV  
  78  6:00  SCV  
  80  6:07  Factory Reactor, Marine x2  
  80  6:09  Terran Infantry Weapons Level 1  
  80  6:10  SCV  
  80  6:11  Supply Depot  
  83  6:14  Marauder  
  83  6:16  SCV  
  86  6:22  SCV  
  87  6:26  Combat Shield  
  87  6:28  Marauder  
  87  6:29  Starport Reactor  
  87  6:30  Marine, Supply Depot  
  87  6:31  Marine  
  91  6:35  Marauder  
  91  6:38  Supply Depot  
  93  6:45  Widow Mine x2  
  97  6:50  Command Center  
  97  6:52  Marine x2  
  99  6:55  Marauder  
  99  6:57  Marauder  
  103  7:07  Barracks  
  103  7:08  Barracks, Widow Mine x2  
  107  7:15  Medivac x2  
  109  7:16  Marine x2  
  113  7:23  Marauder, Concussive Shells  
  113  7:24  SCV  
  113  7:25  SCV  
  117  7:33  Marine  
  117  7:34  Marine, Supply Depot  
  117  7:35  Supply Depot  
  117  7:36  SCV, Widow Mine  
  122  7:40  Marauder  
  121  7:46  Marauder  
  121  7:49  Medivac  
  121  7:50  SCV  
  111  7:51  Marine  
  111  7:52  Marine  
  111  7:54  Widow Mine  
  111  7:55  Medivac  
  111  7:57  Barracks Tech Lab x2  
  112  8:02  SCV  
  105  8:08  Marauder, Marine  
  105  8:09  SCV  
  98  8:13  Marine x2, Widow Mine  
  98  8:16  Marauder  
  97  8:20  Widow Mine, Marauder  
  97  8:25  SCV  
  97  8:26  Marauder  
  100  8:28  Marine  
  100  8:31  Viking  
  100  8:33  Viking  
  103  8:36  Marine x2  
  103  8:40  Marauder  
  107  8:46  Widow Mine x2  
  110  8:53  Marauder  
  110  8:54  Marine x2  
  114  8:56  Terran Infantry Armor Level 1  
  114  8:59  Marauder  
  116  9:05  Marauder  
  116  9:06  Marauder  
  116  9:09  Viking  
  122  9:13  Viking  
  122  9:14  Marine  
  125  9:17  Orbital Command  
  125  9:18  Marine  
  125  9:22  Marauder  
  125  9:23  Marauder  
  128  9:26  Marauder  
  128  9:29  Marauder  
  125  9:34  Marine  
  125  9:38  Supply Depot  
  129  9:39  Viking  
  129  9:40  Marine  
  134  9:46  Marauder  
  130  9:52  Marauder  
  130  9:54  Marine  
  130  9:55  Marauder  
  130  9:56  Command Center  
  130  9:57  Supply Depot  
  130  9:59  Marine x2  
  135  10:00  Marine, Engineering Bay  
  135  10:01  Armory  
  135  10:04  Viking  
  138  10:12  Bunker, Supply Depot, Marauder  
  142  10:14  Marauder  
  142  10:17  Marauder  
  142  10:18  Marine x3  
  142  10:19  Marine  
  148  10:21  Viking  
  148  10:26  Supply Depot  
  150  10:34  Sensor Tower  
  150  10:36  Viking  
  150  10:39  Marine x3, Supply Depot  
  150  10:40  Missile Turret  
  154  10:45  Missile Turret  
  154  10:49  Marine  
  155  10:55  Marauder  
  157  10:58  Marauder  
  157  11:00  Marauder  
  157  11:01  Marine  
  157  11:02  Marine x2  
  164  11:14  Marine, Barracks x2  
  164  11:15  Barracks  
  162  11:21  Viking x2  
  157  11:33  Marine x2  
  157  11:34  Marauder x3  
  157  11:36  SCV  
  157  11:38  Marine  
  157  11:39  Marine  
  129  11:50  SCV, Marine  
  129  11:51  SCV  
  133  11:55  Marauder x2  
  133  11:56  Marauder  
  138  12:02  SCV  
  138  12:05  Engineering Bay  
Show
View Real Time Build Order
Export as new Build Order

SKillous Protoss - Winner!

Build Orders: 1 Gate Expand 

Get SALT Encoding   

  12  0:00  Probe  
  13  0:12  Probe  
  14  0:17  Pylon  
  14  0:24  Probe  
  15  0:32  Probe  
  15  0:36  Gateway  
  15  0:40  Probe  
  16  0:45  Assimilator  
  17  0:50  Probe  
  18  1:03  Probe  
  19  1:17  Nexus  
  19  1:26  Cybernetics Core  
  19  1:29  Probe  
  20  1:34  Assimilator  
  20  1:41  Probe  
  20  1:44  Pylon  
  21  1:50  Stalker  
  21  1:53  Probe  
  22  2:03  Warp Gate  
  22  2:05  Probe  
  25  2:08  Stalker  
  25  2:17  Probe  
  28  2:26  Probe  
  28  2:29  Probe  
  30  2:32  Twilight Council  
  30  2:34  Stalker  
  30  2:36  Probe  
  30  2:42  Probe  
  34  2:47  Probe  
  35  2:56  Probe  
  36  3:01  Probe  
  36  3:08  Probe  
  36  3:10  Charge  
  37  3:13  Probe  
  38  3:20  Probe  
  38  3:22  Probe  
  38  3:23  Nexus  
  40  3:30  Probe  
  40  3:32  Probe  
  42  3:41  Probe  
  42  3:42  Gateway  
  42  3:44  Probe  
  44  3:50  Gateway  
  44  3:51  Pylon  
  44  3:53  Probe  
  45  3:58  Probe  
  45  4:01  Gateway  
  46  4:07  Probe  
  47  4:10  Probe  
  47  4:11  Stalker  
  47  4:15  Probe  
  46  4:22  Probe  
  46  4:24  Probe  
  46  4:34  Probe, Pylon  
  46  4:35  Probe  
  46  4:36  Probe, Zealot  
  46  4:37  Zealot  
  53  4:43  Probe  
  53  4:44  Zealot  
  55  4:46  Probe  
  55  4:48  Probe  
  55  4:49  Robotics Facility  
  55  4:52  Probe  
  58  4:55  Zealot  
  58  4:58  Probe, Zealot  
  64  5:00  Sentry  
  64  5:02  Probe  
  64  5:04  Probe  
  64  5:07  Zealot  
  70  5:10  Probe  
  70  5:11  Pylon  
  71  5:14  Pylon  
  71  5:15  Probe  
  70  5:21  Blink  
  70  5:24  Pylon, Probe  
  70  5:25  Probe  
  72  5:29  Probe  
  72  5:32  Shield Battery  
  73  5:36  Probe  
  73  5:37  Probe  
  73  5:38  Stalker x2  
  73  5:41  Observer, Probe  
  81  5:44  Robotics Bay  
  81  5:45  Pylon  
  81  5:48  Probe  
  82  5:50  Assimilator  
  82  5:54  Probe x2  
  82  5:55  Stalker  
  85  5:58  Observer  
  85  6:00  Probe  
  87  6:06  Probe, Zealot x3  
  87  6:08  Pylon  
  94  6:13  Gateway  
  94  6:14  Gateway  
  94  6:19  Colossus  
  94  6:20  Pylon  
  94  6:24  Pylon  
  94  6:25  Zealot  
  94  6:26  Zealot x2  
  94  6:27  Zealot  
  108  6:44  Extended Thermal Lance, Forge  
  108  6:49  Nexus  
  108  6:52  Pylon  
  108  6:59  Pylon  
  108  7:04  Zealot x4  
  108  7:06  Pylon  
  116  7:08  Shield Battery  
  116  7:13  Stalker x2  
  116  7:14  Colossus, Observer  
  124  7:23  Shield Battery  
  121  7:35  Zealot x4  
  121  7:37  Zealot  
  130  7:40  Probe x2  
  130  7:43  Probe  
  118  7:52  Probe  
  118  7:54  Probe  
  106  8:02  Zealot x4, Protoss Ground Weapons Level 1  
  106  8:04  Colossus  
  108  8:11  Probe  
  108  8:12  Probe x2  
  99  8:18  Probe  
  96  8:28  Probe  
  96  8:29  Probe  
  96  8:30  Zealot x6  
  96  8:31  Probe x2  
  110  8:36  Probe  
  110  8:38  Probe  
  110  8:39  Probe  
  113  8:42  Probe  
  113  8:45  Probe  
  113  8:48  Probe  
  116  8:49  Probe  
  116  8:50  Sentry  
  116  8:52  Stalker x2  
  125  8:56  Probe, Warp Prism  
  125  8:58  Probe  
  125  8:59  Stalker  
  127  9:03  Stalker  
  132  9:12  Probe  
  132  9:13  Shield Battery  
  134  9:17  Zealot x2  
  132  9:30  Zealot x2  
  132  9:31  Zealot, Colossus  
  126  9:40  Protoss Ground Armor Level 1  
  126  9:41  Gateway  
  126  9:42  Gateway  
  126  9:43  Gateway  
  126  9:44  Zealot x3  
  126  9:45  Gateway  
  138  9:46  Probe  
  137  9:53  Forge  
  137  9:59  Nexus  
  137  10:02  Probe x3, Pylon  
  137  10:03  Probe  
  141  10:07  Zealot x2  
  141  10:11  Zealot x2  
  141  10:13  Pylon  
  149  10:14  Probe  
  149  10:15  Zealot x2  
  149  10:16  Disruptor  
  149  10:17  Probe  
  149  10:18  Probe  
  149  10:19  Probe  
  160  10:34  Pylon, Zealot x4  
  168  10:36  Zealot x2  
  168  10:42  Zealot x3  
  178  10:44  Disruptor  
  178  10:50  Shield Battery  
  178  10:51  Pylon  
  178  10:53  Gravitic Drive  
  182  10:59  Photon Cannon  
  182  11:00  Stalker x3  
  187  11:15  Zealot x7  
  193  11:34  Zealot x3  
  193  11:35  Zealot x7  
  165  11:55  Zealot x6  
  165  11:56  Zealot x4  
Tags
 
Add a new tag
Caveats
  • Supply blocks, unpowered buildings, or Contaminate may cause inaccurate times.
  • Supply counts are checked every 10 seconds.